 Dungeon Crawl Stone Soup version 0.23.0 (webtiles) character file.

Game seed: 10620214158415784602

56627 inmateoo the Basher (level 14, -1/92 HPs)
             Began as a Gargoyle Fighter on Feb 18, 2019.
             Was the Champion of Okawaru.
             Killed from afar by an ogre mage (22 damage)
             ... with a crystal spear
             ... on level 1 of the Orcish Mines.
             The game lasted 00:22:33 (16243 turns).

inmateoo the Basher (Gargoyle Fighter)             Turns: 16243, Time: 00:22:34

Health: -1/92      AC: 30    Str: 25    XL:     14   Next: 82%
Magic:  18/18      EV: 21    Int: 12    God:    Okawaru [******]
Gold:   454        SH:  8    Dex: 13    Spells: 13/13 levels left

rFire    . . .     SeeInvis +   b - +5 flail (flame)
rCold    + + .     Gourm    .   L - +1 buckler {rN+}
rNeg     + + .     Faith    .   G - +0 ice dragon scales
rPois    ∞         Spirit   .   E - +0 helmet {SInv}
rElec    +         Reflect  .   l - scarf {cloud immunity}
rCorr    .         Harm     .   y - +0 pair of gloves
MR       ++...                  m - +1 pair of boots
Stlth    ..........             (no amulet)
HPRegen  0.25/turn              r - ring of Phasing {EV+8}
MPRegen  0.16/turn              M - ring "Kupuhi" {rPois rF+ MR+ Int+3 Dex+4}

@: starving
A: big wings, negative energy resistance 1, electricity resistance, unbreathing,
petrification resistance, rot immunity, AC +10
a: Fly, Heroism, Finesse, Renounce Religion


You were on level 1 of the Orcish Mines.
You worshipped Okawaru.
Okawaru was exalted by your worship.
You were starving.

You visited 2 branches of the dungeon, and saw 16 of its levels.
You also visited: Sewer and Ossuary.

You collected 1579 gold pieces.
You spent 1125 gold pieces at shops.

Inventory:

Hand Weapons
 b - a +5 flail of flaming (weapon)
 D - the +6 flail of Honour {vamp, *Noise Str+10 SInv}
   (You acquired it on level 9 of the Dungeon)

   It inflicts no extra harm, but heals its wielder when it wounds a living foe.
   It affects your strength (+10).
   It lets you see invisible.
   It may make noises in combat.
 U - a +0 morningstar of protection
Armour
 c - a +0 shield
 l - a scarf of cloud immunity (worn)
 m - a +1 pair of boots (worn)
 y - a +0 pair of gloves (worn)
 E - a +0 helmet of see invisible (worn)
 G - +0 ice dragon scales (worn)
 I - the +0 pair of gloves of Lotaexzi {rC- rN+ Slay+3}
   (Okawaru gifted it to you on level 9 of the Dungeon)

   It affects your accuracy and damage with ranged weapons and melee attacks
   (+3).
   It makes you vulnerable to cold.
   It protects you from negative energy.
 L - a +1 buckler of positive energy (worn)
Jewellery
 i - an uncursed ring of positive energy
 r - the ring of Phasing (left hand) {EV+8}
   (You found it on level 10 of the Dungeon)

   [ring of evasion]

   It affects your evasion (+8).
 C - an uncursed ring of protection from cold
 M - the ring "Kupuhi" (right hand) {rPois rF+ MR+ Int+3 Dex+4}
   (You bought it in a shop on level 7 of the Dungeon)

   [ring of protection from fire]

   It affects your intelligence (+3).
   It affects your dexterity (+4).
   It protects you from fire.
   It protects you from poison.
   It affects your resistance to hostile enchantments.
 Q - an uncursed ring of protection from magic
Wands
 p - a wand of flame (41)
 B - a wand of acid (5)
 F - a wand of random effects (27)
 H - a wand of digging (11)
 J - a wand of scattershot (2)
Scrolls
 g - 10 scrolls of teleportation
 h - 3 scrolls of remove curse
 k - 3 scrolls of blinking
 q - 2 scrolls of magic mapping
 w - 2 scrolls of amnesia
 K - a scroll of enchant armour
 O - a scroll of fear
 P - 6 scrolls of identify
 T - a scroll of enchant weapon
Potions
 d - 3 potions of brilliance
 e - 8 potions of heal wounds
 j - 2 potions of berserk rage
 n - 2 potions of resistance
 o - 2 potions of magic
 s - 2 potions of ambrosia
 t - 3 potions of agility
 u - 10 potions of curing
 v - 8 potions of mutation
 x - 3 potions of flight
 z - 7 potions of haste
 A - 3 potions of might
 N - a potion of invisibility
 S - a potion of cancellation
Miscellaneous
 a - a lamp of fire
Comestibles
 f - 22 rations


   Skills:
 + Level 12.2 Fighting
 * Level 14.9 Maces & Flails
 + Level 12.3 Armour
 + Level 5.3 Dodging
 + Level 12.2 Shields
 - Level 6.0 Invocations


You had 13 spell levels left.
You didn't know any spells.
Your spell library contained the following spells:

 Spells                   Type           Power        Failure   Level  Hunger
 Animate Skeleton         Necr           N/A          58%         1    ##.....
 Corona                   Hex            #......      58%         1    ##.....
 Flame Tongue             Conj/Fire      #....        58%         1    ##.....
 Pain                     Necr           #...         58%         1    ##.....
 Summon Butterflies       Summ           #.......     58%         1    ##.....
 Ensorcelled Hibernation  Hex/Ice        #.....       73%         2    ###....
 Throw Flame              Conj/Fire      #.....       73%         2    ###....
 Call Canine Familiar     Summ           #.......     91%         3    ####...
 Confuse                  Hex            #.......     91%         3    ####...
 Conjure Flame            Conj/Fire      #.......     91%         3    ####...
 Dazzling Spray           Conj/Hex       #.....       91%         3    ####...
 Inner Flame              Hex/Fire       #.......     91%         3    ####...
 Regeneration             Chrm/Necr      #.........   91%         3    ####...
 Tukima's Dance           Hex            #.......     91%         3    ####...
 Vampiric Draining        Necr           #.........   91%         3    ####...
 Animate Dead             Necr           N/A          100%        4    #####..
 Sticky Flame             Conj/Fire      #.......     100%        4    #####..
 Summon Ice Beast         Ice/Summ       #.......     100%        4    #####..
 Bolt of Magma            Conj/Fire/Erth #.........   100%        5    ######.
 Fireball                 Conj/Fire      #.........   100%        5    ######.
 Irradiate                Conj/Tmut      #.........   100%        5    ######.
 Iskenderun's Battlesphe  Conj/Chrm      #.......     100%        5    ######.
 Summon Mana Viper        Hex/Summ       #.......     100%        5    ######.
 Venom Bolt               Conj/Pois      #.........   100%        5    ######.
 Hydra Form               Tmut           #.........   100%        6    #######
 Iron Shot                Conj/Erth      #.........   100%        6    #######
 Dragon Form              Tmut           #.........   100%        7    #######
 Orb of Destruction       Conj           #.........   100%        7    #######
 Spellforged Servitor     Conj/Summ      #.........   100%        7    #######
 Summon Hydra             Summ           #.........   100%        7    #######
 Statue Form              Tmut/Erth      Unusable     N/A         6    N/A

Dungeon Overview and Level Annotations

Branches:
Dungeon (15/15)            Temple (0/1) D:5            Lair (0/6) D:8
    Orc (1/2) D:12         Vaults (0/5) D:14         Depths (0/5) D:15

Altars:
Gozag
Hepliaklqana
Nemelex Xobeh
Okawaru
Qazlal
Ru
Sif Muna
Trog
Uskayaw
Vehumet
Wu Jian
Xom
Yredelemnul

Shops:
D:7 =   D:11 =   D:15 *

Annotations:
D:3 3 runed translucent doors, coffeespoons's ghost, amateur HOFi
D:4 Edmund


Innate Abilities, Weirdness & Mutations

You are resistant to torment.
Your stone body is resilient. (AC +10)
You are immune to poison.
Your large and strong wings let you fly indefinitely.
You resist negative energy. (rN+)
You are resistant to electric shocks. (rElec)
You can survive without breathing.
You are immune to petrification.
You are immune to rotting.


Message History

* * * LOW HITPOINT WARNING * * *
You hit the ogre mage but do no damage.
The ogre mage is lightly wounded.
The ogre mage completely misses you.
Unknown command.
Unknown command.
You hit the ogre mage but do no damage.
The ogre mage is lightly wounded.
Unknown command.
You feel much better. The ogre mage misses you.
Unknown command.
You sock the ogre mage! You burn the ogre mage.
The ogre mage is moderately wounded.
The ogre mage hits you but does no damage.
Unknown command.
You thump the ogre mage! You burn the ogre mage.
The ogre mage is almost dead.
The ogre mage gestures at you while chanting.
The crystal spear hits you!!
You die...

...... ##......# .......# ......#
#.......## .......###
.......####........#####......#.#
...$.......§.OO....##..........#
#..........#O....#.....##.....
#.)....O###.#.........#......
###.....######........####....
#..........##....^.....#......
#...........)@O..##....#.....#
#...$..##...))....###.<.......#
.......#.#........## ##........#
#......######......# #......####
#.....# #......## #......# .....#
#....### ##.....# ### ##...#
##..### ##### ##.# ###


You could see an ogre mage.

Vanquished Creatures
  2 vault guards (D:14)
  2 ice dragons (D:15)
  5 hydras
  Harold (D:7)
  A catoblepas (D:13)
  Erica (D:8)
  6 two-headed ogres
  5 centaur warriors
  2 death knights
  8 skeletal warriors
  5 unseen horrors
  A deep elf mage (D:10)
  17 ugly things
  5 slime creatures
  2 manticores (D:12)
  2 cyclopes
  Maurice (D:8)
  The ghost of soark the Destroyer, a novice DECj (D:7)
  Joseph (D:8)
  Psyche (D:9)
  5 gargoyles
  2 freezing wraiths (D:13)
  4 yaktaurs (D:13)
  A merfolk (D:14)
  4 trolls
  3 meliai (D:15)
  2 hornets
  2 hippogriffs
  14 yaks
  A shadow (D:14)
  5 water elementals (D:13)
  5 wraiths
  9 humans (D:14)
  A wyvern (D:8)
  Grum (D:8)
  4 hungry ghosts
  3 vampire mosquitoes (D:12)
  2 wargs (D:8)
  Menkaure (D:6)
  An acid dragon (D:14)
  5 orc warriors
  5 ice beasts
  A meliai simulacrum (D:14)
  3 necrophages
  4 sky beasts
  5 phantoms
  A black bear (D:8)
  12 ogres
  An eye of draining (D:13)
  9 centaurs
  2 wolves (D:8)
  2 big kobolds
  Blork the orc (D:6)
  14 bullfrogs
  3 scorpions
  2 water moccasin skeletons (D:9)
  6 killer bees (D:9)
  11 wights
  3 howler monkeys
  5 electric eels (D:13)
  6 crimson imps
  4 centaur zombies
  8 hounds
  4 jellies
  4 quasits (D:7)
  2 bullfrog skeletons
  6 orc priests
  9 orc wizards
  4 centaur skeletons
  6 iguanas
  7 worker ants
  2 big kobold zombies (Ossuary)
  2 hound skeletons
  9 mummies
  2 worker ant zombies
  6 gnolls
  5 adders
  6 shadow imps
  4 oozes (Sewer)
  An adder zombie (D:2)
  2 adder skeletons
  8 worms
  A dart slug (D:3)
  12 leopard geckos
  36 orcs
  9 giant cockroaches
  A gnoll zombie (Ossuary)
  5 hobgoblins
  16 jackals
  27 kobolds
  6 quokkas
  A ball python (Sewer)
  13 bats
  9 frilled lizards
  4 goblins
  A hobgoblin zombie (Ossuary)
  A jackal skeleton (D:8)
  2 kobold zombies
  A leopard gecko skeleton (D:9)
  2 leopard gecko zombies
  3 orc zombies (Ossuary)
  A quokka skeleton (D:9)
  A quokka zombie (D:5)
  8 rats
  A plant (D:1)
502 creatures vanquished.

Vanquished Creatures (others)
  A human (D:14)
  An orc (D:4)
2 creatures vanquished.

Grand Total: 504 creatures vanquished

Notes
Turn   | Place    | Note
-------+----------+-------------------------------------------
     0 | D:1      | inmateoo the Gargoyle Fighter began the quest for the Orb.
     0 | D:1      | Reached XP level 1. HP: 14/14 MP: 1/1
   169 | D:1      | Reached XP level 2. HP: 17/19 MP: 2/2
   523 | D:1      | Reached XP level 3. HP: 17/23 MP: 3/3
  1361 | D:2      | Reached skill level 3 in Maces & Flails
  1361 | D:2      | Reached XP level 4. HP: 19/29 MP: 4/4
  1789 | D:2      | Found a sparkling altar of Nemelex Xobeh.
  2129 | D:3      | Found a runed translucent gate.
  2129 | D:3      | Found a runed translucent gate.
  2129 | D:3      | Found an opulent altar of Gozag.
  2129 | D:3      | Noticed an ogre
  2130 | D:3      | Found a runed translucent gate.
  2288 | D:3      | Found a sparkling altar of Nemelex Xobeh.
  2620 | D:3      | Reached XP level 5. HP: 33/33 MP: 5/5
  2675 | D:3      | Noticed coffeespoons's ghost (amateur HOFi)
  2741 | D:4      | Found a sand-covered staircase.
  2753 | Ossuary  | Entered an ossuary
  2843 | Ossuary  | Reached skill level 4 in Maces & Flails
  2849 | Ossuary  | Reached XP level 6. HP: 20/39 MP: 6/6
  3405 | D:4      | Found an iron altar of Okawaru.
  3500 | D:4      | Reached XP level 7. HP: 40/44 MP: 7/7
  3546 | D:4      | Became a worshipper of Warmaster Okawaru
  3583 | D:4      | Noticed Edmund
  3934 | D:4      | Reached skill level 5 in Maces & Flails
  4382 | D:5      | Entered Level 5 of the Dungeon
  4385 | D:5      | Found a staircase to the Ecumenical Temple.
  4390 | D:5      | Reached skill level 5 in Fighting
  4405 | D:5      | Reached skill level 5 in Armour
  4405 | D:5      | Reached skill level 5 in Shields
  4553 | D:5      | Found a glowing drain.
  4605 | Sewer    | Entered a sewer
  5085 | D:5      | Reached * piety under Okawaru
  5156 | D:5      | Reached XP level 8. HP: 50/50 MP: 8/8
  5302 | D:5      | Reached skill level 6 in Maces & Flails
  5341 | D:5      | Found a basalt altar of Yredelemnul.
  5641 | D:5      | Found an ornate altar of the Wu Jian Council.
  5910 | D:6      | Noticed Blork the orc
  5921 | D:6      | Killed Blork the orc
  5936 | D:6      | Noticed Menkaure
  5951 | D:6      | Killed Menkaure
  5951 | D:6      | Reached ** piety under Okawaru
  5951 | D:6      | Reached skill level 7 in Maces & Flails
  6083 | D:6      | Found an opulent altar of Gozag.
  6217 | D:6      | Reached XP level 9. HP: 53/56 MP: 9/9
  6468 | D:6      | Found a hazy altar of Hepliaklqana.
  6725 | D:7      | Reached skill level 1 in Invocations
  6765 | D:7      | Noticed soark's ghost (novice DECj)
  6769 | D:7      | Found a transporter.
  6778 | D:7      | Reached skill level 8 in Maces & Flails
  6940 | D:7      | Found Kiqoneikh's Jewellery Shoppe.
  7015 | D:7      | Found a sacrificial altar of Ru.
  7015 | D:7      | Found a stormy altar of Qazlal.
  7016 | D:7      | Found a radiant altar of Vehumet.
  7047 | D:7      | Found a transporter.
  7366 | D:7      | Reached *** piety under Okawaru
  7367 | D:7      | Killed soark's ghost
  7589 | D:7      | Bought the ring "Kupuhi" {rPois rF+ MR+ Int+3 Dex+4} for
                  | 621 gold pieces
  7644 | D:8      | Noticed a hornet
  7663 | D:8      | Killed a hornet
  7663 | D:8      | Reached XP level 10. HP: 50/63 MP: 10/12
  7669 | D:8      | Reached **** piety under Okawaru
  7721 | D:8      | Reached skill level 9 in Maces & Flails
  8021 | D:8      | Noticed Harold
  8025 | D:8      | Noticed Erica
  8087 | D:7      | Killed Harold
  8102 | D:8      | Found a staircase to the Lair.
  8117 | D:8      | Killed Erica
  8161 | D:8      | Noticed Joseph
  8182 | D:8      | Killed Joseph
  8182 | D:8      | Reached ***** piety under Okawaru
  8255 | D:8      | Noticed Grum
  8264 | D:8      | Reached skill level 10 in Maces & Flails
  8268 | D:8      | Killed Grum
  8375 | D:8      | Reached XP level 11. HP: 67/69 MP: 14/14
  8538 | D:8      | Noticed Maurice
  8573 | D:8      | Killed Maurice
  8573 | D:8      | Received a gift from Okawaru
  8573 | D:8      | Reached skill level 5 in Invocations
  8900 | D:9      | Noticed a centaur warrior
  8916 | D:9      | Killed a centaur warrior
  8916 | D:9      | Received a gift from Okawaru
  8927 | D:9      | Got a pair of transparent gloves {god gift}
  8938 | D:9      | Identified the +0 pair of gloves of Lotaexzi {rC- rN+
                  | Slay+3} (Okawaru gifted it to you on level 9 of the
                  | Dungeon)
  9039 | D:9      | Noticed Psyche
  9044 | D:9      | Killed Psyche
  9049 | D:9      | Found a bloodstained altar of Trog.
  9124 | D:9      | Found a shimmering altar of Xom.
  9124 | D:9      | Found a shimmering altar of Xom.
  9243 | D:9      | Reached skill level 11 in Maces & Flails
  9271 | D:9      | Identified a scroll of acquirement
  9274 | D:9      | Got an ebony flail
  9281 | D:9      | Identified the +6 flail of Honour {vamp, *Noise Str+10
                  | SInv} (You acquired it on level 9 of the Dungeon)
  9334 | D:9      | Found a deep blue altar of Sif Muna.
  9411 | D:9      | Noticed a +0 hand axe
  9412 | D:9      | Found a hide-covered altar of Uskayaw.
  9412 | D:9      | Noticed a +0 hand axe
  9486 | D:9      | Found a shimmering altar of Xom.
  9486 | D:9      | Found a shimmering altar of Xom.
  9487 | D:9      | Found a shimmering altar of Xom.
  9487 | D:9      | Found a shimmering altar of Xom.
  9487 | D:9      | Found a shimmering altar of Xom.
  9487 | D:9      | Found a shimmering altar of Xom.
  9498 | D:9      | Found a shimmering altar of Xom.
  9498 | D:9      | Noticed a mana viper
  9824 | D:10     | Entered Level 10 of the Dungeon
  9860 | D:10     | Found the ring of Phasing {EV+8}
  9992 | D:10     | Noticed a deep elf mage
  9999 | D:10     | Killed a deep elf mage
 10142 | D:10     | Noticed a seven-headed hydra
 10150 | D:10     | Killed a seven-headed hydra
 10150 | D:10     | Reached XP level 12. HP: 57/76 MP: 16/16
 10725 | D:11     | Received a gift from Okawaru
 10736 | D:11     | Got a slimy flail {god gift}
 10737 | D:11     | Identified the +8 flail of Hedeimav {pain, rF+ Dex+2
                  | Stlth+} (Okawaru gifted it to you on level 11 of the
                  | Dungeon)
 10895 | D:11     | Found Nud Dovo's Jewellery Boutique.
 10918 | D:11     | Noticed a two-headed ogre
 10923 | D:11     | Noticed a two-headed ogre
 10932 | D:11     | Killed a two-headed ogre
 10935 | D:11     | Killed a two-headed ogre
 10935 | D:11     | Reached skill level 12 in Maces & Flails
 11184 | D:12     | Reached skill level 10 in Armour
 11193 | D:12     | Reached skill level 10 in Fighting
 11228 | D:12     | You fall through a shaft!
 11232 | D:13     | Reached skill level 10 in Shields
 11258 | D:13     | Noticed a catoblepas
 11274 | D:13     | Killed a catoblepas
 11405 | D:13     | Noticed a centaur warrior
 11423 | D:13     | Killed a centaur warrior
 11423 | D:13     | Received a gift from Okawaru
 11690 | D:13     | Noticed a death knight
 11735 | D:13     | Killed a death knight
 11735 | D:13     | Reached skill level 1 in Dodging
 11863 | D:13     | Noticed a five-headed hydra
 11877 | D:13     | Killed a five-headed hydra
 12075 | D:13     | Reached XP level 13. HP: 83/83 MP: 17/17
 12217 | D:13     | Reached ****** piety under Okawaru
 12229 | D:13     | Received a gift from Okawaru
 12229 | D:13     | Reached skill level 13 in Maces & Flails
 12877 | D:12     | Found a staircase to the Orcish Mines.
 13283 | D:12     | Received a gift from Okawaru
 13860 | D:14     | Received a gift from Okawaru
 13876 | D:13     | Reached skill level 14 in Maces & Flails
 14111 | D:13     | Gained mutation: Your large and strong wings let you fly
                  | indefinitely. [Gargoyle growth]
 14111 | D:13     | Reached XP level 14. HP: 86/90 MP: 18/18
 14123 | D:13     | Received a gift from Okawaru
 14126 | D:13     | Got a jewelled flail {god gift}
 14128 | D:13     | Identified the +4 flail of Calculation {crush, +Inv}
                  | (Okawaru gifted it to you on level 13 of the Dungeon)
 14745 | D:14     | Received a gift from Okawaru
 14772 | D:14     | Found a gate to the Vaults.
 14984 | D:15     | Entered Level 15 of the Dungeon
 15452 | D:15     | Reached skill level 5 in Dodging
 15718 | D:15     | Found a staircase to the Depths.
 16024 | D:15     | Found Kecsim's General Store.
 16037 | D:15     | Bought a scroll of identify for 24 gold pieces
 16037 | D:15     | Bought a lamp of fire for 480 gold pieces
 16140 | Orc:1    | Entered Level 1 of the Orcish Mines
 16238 | Orc:1    | HP: 2/92 [ogre mage/bolt of fire (27)]
 16243 | Orc:1    | Killed from afar by an ogre mage

Skill      XL: |  1  2  3  4  5  6  7  8  9 10 11 12 13 14 |
---------------+-------------------------------------------+-----
Maces & Flails | 3 4 5 7 8 10 11 12 14 | 14.9
Fighting       | 4 5 6 7 8 9 10 11 12 | 12.2
Shields        | 4 5 6 7 8 9 10 11 12 | 12.2
Armour         | 4 5 6 7 8 9 10 11 12 | 12.3
Invocations    | 3 4 6 |  6.0
Dodging        | 1 4 5 |  5.3

Action                   |  1- 3 |  4- 6 |  7- 9 | 10-12 | 13-15 || total
-------------------------+-------+-------+-------+-------+-------++-------
Melee: Flail             |   182 |    57 |   184 |   755 |   803 ||  1981
       Mace              |       |   134 |   410 |       |       ||   544
Invok: Heroism           |       |       |       |     1 |     2 ||     3
       Finesse           |       |       |       |     1 |       ||     1
Evoke: Wand              |       |       |     5 |     5 |     3 ||    13
  Use: Potion            |       |     1 |     1 |     2 |     3 ||     7
       Scroll            |       |       |    14 |    15 |     3 ||    32
 Stab: Petrified         |       |       |       |     6 |       ||     6
  Eat: Chunk             |     1 |     5 |    11 |     9 |    10 ||    36
       Ration            |       |     1 |     2 |     5 |       ||     8
Armor: Scale mail        |    86 |   115 |   246 |       |       ||   447
       Plate armour      |       |       |   272 |   439 |   338 ||  1049
       Ice dragon scales |       |       |       |       |    12 ||    12
Dodge: Dodged            |    48 |    58 |   212 |   185 |   463 ||   966
Block: Shield            |    89 |   113 |   371 |   268 |       ||   841
       Buckler           |       |       |       |    69 |   232 ||   301
